 Dungeon Crawl Stone Soup version 0.28.0 (webtiles) character file.

Game seed: 10953689547379438814

3 Masnef the Ducker (level 1, -2/10 HPs)
             Began as a Deep Elf Wanderer on Feb 13, 2022.
             Slain by a quokka (4 damage)
             ... on level 1 of the Dungeon.
             The game lasted 00:00:57 (318 turns).

Masnef the Ducker (Deep Elf Wanderer)                Turns: 318, Time: 00:00:58

Health: -2/10      AC:  5    Str:  9    XL:     1   Next: 41%
Magic:  1/5        EV: 14    Int: 16    God:
Gold:   6          SH:  0    Dex: 14    Spells: 2/3 levels left

rFire   + . .      SeeInvis .   a - +0 dagger
rCold   x . .      Faith    .   (no shield)
rNeg    . . .      Spirit   .   c - +2 leather armour
rPois   .          Reflect  .   (no helmet)
rElec   .          Harm     .   (no cloak)
rCorr   .          Rampage  .   (no gloves)
Will    .....                   (no boots)
Stlth   +.........              (no amulet)
HPRegen 0.03/turn               f - ring of fire
MPRegen 0.09/turn               (no ring)

@: very slightly contaminated
A: no striking features
a: no special abilities


You were on level 1 of the Dungeon.
You visited 1 branch of the dungeon, and saw 1 of its levels.

You collected 6 gold pieces.

Inventory:

Hand Weapons
 a - a +0 dagger (weapon)
Armour
 c - a +2 leather armour (worn)
Jewellery
 f - a ring of fire (left hand)
Scrolls
 b - a scroll of teleportation
 d - a scroll of brand weapon {unknown}
 e - a scroll of holy word {unknown}


   Skills:
 + Level 1.0 Throwing
 + Level 6.2 Dodging
 + Level 1.2 Stealth
 + Level 1.5 Spellcasting
 + Level 1.3 Hexes
 + Level 1.1 Evocations


You had 2 spell levels left.
You knew the following spells:

 Your Spells              Type           Power      Damage    Failure   Level
a - Slow                  Hex            20%        N/A       19%         1

Your spell library contained the following spells:

 Spells                   Type           Power      Damage    Failure   Level
 Tukima's Dance           Hex            5%         N/A       47%         3


Dungeon Overview and Level Annotations

Branches:
Dungeon (1/15)

Altars:

Shops:
D:1 *


Message History

Press: ? - help, Shift-Dir - straight line, f/p - quokka
Aim: a quokka (heavily wounded, chance to affect: 58%)
The quokka seems to slow down.
The quokka bites you but does no damage.
The quokka is no longer moving slowly.
There is an open door here.
You close the door.
You start resting.
A quokka is nearby!
You open the door.
There is an open door here.
You are too injured to fight recklessly!
Casting: Slow (safe; 19% risk of failure)
Confirm with . or Enter, or press ? or * to list all spells.
Aiming: Slow (safe; 19% risk of failure)
Press: ? - help, Shift-Dir - straight line, f/p - quokka
Aim: a quokka (heavily wounded, chance to affect: 58%)
You miscast Slow.
You are very lightly contaminated with residual magic.
Nothing appears to happen.
The quokka bites you but does no damage.
The quokka bites you.
* * * LOW HITPOINT WARNING * * *
Casting: Slow (safe; 19% risk of failure)
Confirm with . or Enter, or press ? or * to list all spells.
Aiming: Slow (safe; 19% risk of failure)
Press: ? - help, Shift-Dir - straight line, f/p - quokka
Aim: a quokka (heavily wounded, chance to affect: 58%)
The quokka resists with significant effort.
The quokka closely misses you.
Casting: Slow (safe; 19% risk of failure)
Confirm with . or Enter, or press ? or * to list all spells.
Aiming: Slow (safe; 19% risk of failure)
Press: ? - help, Shift-Dir - straight line, f/p - quokka
Aim: a quokka (heavily wounded, chance to affect: 58%)
The quokka seems to slow down.
The quokka barely misses you.
You aren't carrying any items that you can evoke.
Okay, then.
The quokka bites you.
You die...

##.....#...#
#.....#...#
#.....#...#
#.........#
#........##
......#....#
#####.#....# ..
#.##r####### #.
#..@.##....#
#.#####.##.##.######
#..........##.##...#
#.###.#######....#.###
#. #.# ####..∩..# ##
#.# #.#.#.# #.#
#.....# #.# #######
#.#


You could see a quokka (slow).

Vanquished Creatures
  A goblin (D:1)
  A hobgoblin (D:1)
  A frilled lizard (D:1)
3 creatures vanquished.

Notes
Turn   | Place    | Note
-------+----------+-------------------------------------------
     0 | D:1      | Masnef the Deep Elf Wanderer began the quest for the Orb.
     0 | D:1      | Masnef set off with the following items: a +0 dagger, a
                  | scroll of teleportation, a +2 leather armour; and the
                  | following spell memorised: Slow; and the following spells
                  | available to memorise: Tukima's Dance
     0 | D:1      | Reached XP level 1. HP: 10/10 MP: 5/5
   261 | D:1      | Found Cotil's General Store.
   318 | D:1      | Slain by a quokka

Illustrated notes

Levels and vault maps discovered:
D:1:      erik_arrival_blinker_ship, layout_basic, serial_shops,
          nicolae_shop_crystal, minmay_quantized

Action                   || total
-------------------------++-------
Melee: Dagger            ||    26
       Punch             ||     1
 Cast: Slow              ||     7
Armor: Leather armour    ||     5
Dodge: Dodged            ||    18
